 Dungeon Crawl Stone Soup version 0.31-a0-818-ge7c7cf74f0 (webtiles) character file.

Game seed: 18397533488727584927

1654 Pooter the Cleaver (level 8, -1/73 HPs)
             Began as a Minotaur Fighter on Sept 22, 2023.
             Was a Follower of Okawaru.
             Slain by Maggie
             ... wielding a +2 war axe of distortion
              (19 damage)
             ... on level 6 of the Dungeon.
             The game lasted 00:19:48 (5853 turns).

Pooter the Cleaver (Minotaur Fighter)               Turns: 5853, Time: 00:19:49

Health: -1/73      AC:  0    Str: 23    XL:     8   Next: 68%
Magic:  5/7        EV: 15    Int:  5    God:    Okawaru [*.....]
Gold:   77         SH:  0    Dex: 10    Spells: 7/7 levels left

rFire   . . .        b - melded +3 sling
rCold   . . .        c - melded +0 buckler
rNeg    . . .        q - melded +0 chain mail
rPois   .            (helmet currently unavailable)
rElec   .            (cloak currently unavailable)
rCorr   .            (gloves currently unavailable)
SInv    .            C - melded +2 pair of boots {rampage}
Will    .....        (no amulet)
Stlth   +++          h - melded +6 ring of dexterity
HPRegen 0.32/turn    (ring currently unavailable)
MPRegen 0.10/turn

%: no passive effects
@: pig-form, heroic, mesmerised, very quick
A: fast, no casting, small, (horns 2), (retaliatory headbutt)
a: Renounce Religion, Heroism


You were on level 6 of the Dungeon.
You worshipped Okawaru.
Okawaru was aware of your devotion.
You were a filthy swine.
You visited 2 branches of the dungeon, and saw 7 of its levels.

You collected 257 gold pieces.
You spent 180 gold pieces at shops.

Inventory:

Hand Weapons
 a - a +2 war axe of flaming
 b - a +3 sling (melded)
   (You found it on level 1 of the Dungeon)
Missiles
 i - 2 atropa-tipped darts
 t - a throwing net {!f}
 z - 12 poisoned darts (quivered)
 A - 3 boomerangs
 Q - 58 stones
Armour
 c - a +0 buckler (melded)
 q - a +0 chain mail (melded)
   (You found it on level 2 of the Dungeon)
 C - a +2 pair of boots of rampaging (melded)
   (You bought it in a shop on level 4 of the Dungeon)
Jewellery
 h - a +6 ring of dexterity (melded)
   (You found it on level 1 of the Dungeon)
Scrolls
 f - a scroll of poison {!r}
 k - 6 scrolls of teleportation {unknown}
 m - 2 scrolls of revelation
 n - a scroll of fog
 r - a scroll of torment {!r}
 w - a scroll of vulnerability {!r}
 y - a scroll of blinking
 B - a scroll of immolation {unknown}
Potions
 e - 3 potions of haste {unknown}
 g - a potion of cancellation {unknown}
 j - a potion of brilliance {unknown}
 l - a potion of ambrosia {unknown}
 o - 2 potions of curing {unknown}
 p - a potion of berserk rage {unknown}
 s - 2 potions of heal wounds {unknown}
 u - a potion of resistance {unknown}
 v - a potion of lignification {unknown}
 x - a potion of mutation {unknown}


   Skills:
 + Level 7.6(12.6) Fighting
 * Level 9.8(14.8) Axes
 + Level 5.6(10.6) Ranged Weapons
 - Level 3.6(8.6) Armour
 - Level 3.6(8.6) Shields


You had 7 spell levels left.
You didn't know any spells.
Your spell library contained the following spells:

 Spells                   Type           Power      Damage    Failure   Level
 Frozen Ramparts          Ice            0%         1d1       85%         3
 Petrify                  Tmut/Erth      0%         N/A       99%         4
 Metabolic Englaciation   Hex/Ice        0%         N/A       100%        5


Dungeon Overview and Level Annotations

Branches:
Dungeon (6/15) Zot: 26309  Temple (1/1) D:4 Zot: 5953

Altars:
Cheibriados
Elyvilon
Hepliaklqana
Kikubaaqudgha
Makhleb
Nemelex Xobeh
Okawaru
Qazlal
Sif Muna
Trog
Xom
Zin
The Shining One

Shops:
D:4 [

Annotations:
D:6 Maggie


Innate Abilities, Weirdness & Mutations

You are a filthy swine.
You move quickly.
Your equipment is almost entirely melded.
You are incapable of wielding weapons or throwing items.
You cannot cast spells.
((You have a pair of horns on your head.))
((You reflexively headbutt those who attack you in melee.))


Message History

Thank you for shopping at Oqeomogg's Antique Armour Boutique!
You can access your shopping list by pressing '$'.
You start removing your armour.
You continue taking off your +0 pair of boots. x4
You finish taking off your +0 pair of boots.
You start putting on your armour.
You continue putting on your +2 pair of boots of rampaging. x5
You finish putting on your +2 pair of boots of rampaging.
You feel ready to rampage towards enemies.
You drop a +0 pair of boots.
What level of the Dungeon? (default 4, ? - help)
There is a dry fountain here.
There is a stone staircase leading down here.
You climb downwards.
There is a stone staircase leading up here.
There is a stone staircase leading down here.
You climb downwards.
There is a stone staircase leading up here.
Found a leather armour.
You enter the shallow water.
Moving in this stuff is going to be slow.
Maggie the Vainglorious comes into view.
She is wielding a +2 war axe of distortion and carrying a wand of polymorph.
You gain the combat prowess of a mighty hero.
You shoot a sling bullet. The sling bullet closely misses Maggie.
Maggie zaps a wand.
You turn into a filthy swine.
Your +3 sling melds into your body.
Your +2 pair of boots of rampaging melds into your body.
Your +0 buckler melds into your body.
Your +0 chain mail melds into your body.
Your +6 ring of dexterity melds into your body.
You no longer feel able to rampage towards enemies.
You feel clumsy.
You can't wield anything in your present form.
Maggie casts a spell at you. The bolt of fire hits you!!
You hit Maggie but do no damage.
Maggie hits you with a +2 war axe of distortion!
Space warps horribly around you!
* * * LOW HITPOINT WARNING * * *
You bite Maggie! Maggie closely misses you.
You barely miss Maggie.
Maggie gestures wildly while chanting.
Maggie attempts to bespell you!
You are mesmerised by Maggie!
You hit Maggie but do no damage.
Maggie gives herself a magical halo, but it quickly sputters out.
Maggie hits you with a +2 war axe of distortion!
* * * LOW HITPOINT WARNING * * *
Space warps horribly around you!!
You die...

.######. .####. #... ........ ...
......#####... .####### #.#
#.......## ......# #.# ##.#.#####
.####.# #.# #.#.# # .# #.# #.#
#.#.# # .# #.# #.#.######†#.## #
.####.##########@#...........# #
......†........#h#########..#####
#####.########.#.# #.##..## #.#
#[#.# #.#...~8 #####.########.#.#
#......~ .<.............#.#
##.......
#####.##########.########..~.....
#.# #......##..~~..... #.#
######.#.......... #.#
#.#.......≈≈≈


You could see Maggie (mesmerising).

Vanquished Creatures
  Prince Ribbit (D:5)
  Sigmund (D:2)
  A black bear (D:5)
  4 ogres
  A phantom (D:3)
  Blork the orc (D:6)
  A scorpion (D:4)
  A bullfrog (D:6)
  3 hounds
  2 jellies (D:5)
  2 sleepcaps (D:6)
  4 iguanas
  2 orc wizards (D:3)
  6 gnolls
  8 adders
  2 shadow imps (D:6)
  A worm (D:2)
  3 dart slugs (D:1)
  8 orcs
  4 bats
  8 endoplasms
  5 giant cockroaches
  19 goblins
  10 hobgoblins
  10 jackals
  7 kobolds
  5 quokkas
  9 ball pythons
  3 frilled lizards
  8 rats
140 creatures vanquished.

Notes
Turn   | Place    | Note
-------+----------+-------------------------------------------
     0 | D:1      | Pooter the Minotaur Fighter began the quest for the Orb.
     0 | D:1      | Reached XP level 1. HP: 19/19 MP: 0/0
    64 | D:1      | Reached skill level 3 in Axes
    87 | D:1      | Reached XP level 2. HP: 26/27 MP: 1/1
   244 | D:1      | Reached XP level 3. HP: 33/33 MP: 2/2
   384 | D:1      | Reached skill level 4 in Axes
   405 | D:1      | Found a faded altar of an unknown god.
   872 | D:2      | Reached skill level 1 in Ranged Weapons
   882 | D:2      | Noticed Sigmund
  1098 | D:2      | Killed Sigmund
  1099 | D:2      | Reached skill level 5 in Fighting
  1099 | D:2      | Reached skill level 5 in Axes
  1099 | D:2      | Reached XP level 4. HP: 19/42 MP: 3/3
  1099 | D:2      | Reached XP level 5. HP: 22/48 MP: 4/4
  1652 | D:2      | Reached XP level 6. HP: 56/56 MP: 5/5
  1919 | D:3      | Reached skill level 6 in Axes
  2306 | D:3      | Found a bloodstained altar of Trog.
  2361 | D:3      | Reached XP level 7. HP: 54/62 MP: 6/6
  2438 | D:3      | Reached skill level 7 in Axes
  2964 | D:4      | Found a staircase to the Ecumenical Temple.
  2975 | Temple   | Entered the Ecumenical Temple
  2998 | Temple   | Became a worshipper of Warmaster Okawaru
  3608 | D:4      | Found Oqeomogg's Antique Armour Boutique.
  4180 | D:5      | Entered Level 5 of the Dungeon
  4224 | D:5      | Noticed Prince Ribbit
  4238 | D:5      | Killed Prince Ribbit
  4239 | D:5      | Reached skill level 8 in Axes
  4294 | D:5      | Reached XP level 8. HP: 60/71 MP: 7/7
  4536 | D:5      | Reached * piety under Okawaru
  4537 | D:5      | Reached skill level 5 in Ranged Weapons
  4564 | D:5      | Reached skill level 9 in Axes
  5443 | D:6      | Noticed Blork the orc
  5451 | D:6      | Killed Blork the orc
  5702 | D:4      | Bought a pair of runed boots for 180 gold pieces
  5844 | D:6      | Noticed Maggie
  5853 | D:6      | Slain by Maggie

Illustrated notes

Levels and vault maps discovered:
D:1:      matt_arrival_diagonals, layout_basic,
          hellmonk_ecumenical_altar_defaced_shrine,
          hangedman_abyss_or_decor_stabs, corexii_item_surrounded_by_moat,
          minmay_bisected
D:2:      minmay_wonky_spiral, layout_rooms, uniq_sigmund
D:3:      layout_basic, mainiacjoe_overflow_alcove_2, minmay_ogre_servants
D:4:      layout_layer_cave, minmay_temple_entry_large_hall, serial_shops,
          nicolae_shop_temple_entry_statues_fountains
D:5:      layout_layer_cave, uniq_prince_ribbit1
D:6:      layout_loops_ring, kennysheep_decorative_pillar, uniq_maggie,
          uniq_blork_the_orc
Temple:   nicolae_temple_hex_pool

Skill      XL: |  1  2  3  4  5  6  7  8 |
---------------+-------------------------+-----
Axes           | 3 5 6 8 9 |  9.8
Fighting       | 4 5 6 7 |  7.6
Ranged Weapons | 2 3 4 5 |  5.6
Armour         | |  3.6
Shields        | |  3.6

Action                     |  1- 3 |  4- 6 |  7- 9 || total
---------------------------+-------+-------+-------++-------
  Melee: War axe           |    36 |    67 |    76 ||   179
         Headbutt          |     2 |    10 |    21 ||    33
         Unarmed           |       |       |     4 ||     4
   Fire: Sling             |    70 |    42 |    82 ||   194
  Throw: Dart              |       |       |     1 ||     1
 Invoke: Heroism           |       |       |     1 ||     1
    Use: Scroll            |     1 |     3 |     7 ||    11
         Potion            |     1 |       |       ||     1
   Stab: Invisible         |       |       |     1 ||     1
 Armour: Scale mail        |    51 |    16 |       ||    67
         Chain mail        |       |    36 |    47 ||    83
         Skin              |       |       |     3 ||     3
  Dodge: Dodged            |    50 |    21 |    25 ||    96
  Block: Buckler           |    21 |    11 |    16 ||    48

Table legend: (Time is in decaauts)
 A = Elapsed time spent in this place.
 B = Non-inter-level travel time spent in this place.
 C = Inter-level travel time spent in this place.
 D = Time resting spent in this place.
 E = Time spent auto-exploring this place.
 F = Levels seen in this place.
 G = Mean time per level.
                   A        B        C        D        E       F      G
               +--------+--------+--------+--------+--------+-----+--------+
         Total |   5964 |   5744 |    220 |    431 |   4277 |   7 |  852.0 |
       Dungeon |   5918 |   5720 |    198 |    431 |   4277 |   6 |  986.3 |
        Temple |     46 |     24 |     22 |      0 |      0 |   1 |   46.0 |
               +--------+--------+--------+--------+--------+-----+--------+

Top non-repeatable levels by time:
     D:3: 1437 daAuts
     D:4: 1254 daAuts
     D:5: 1017 daAuts
     D:1: 843 daAuts
     D:2: 726 daAuts
     D:6: 639 daAuts
  Temple: 46 daAuts
